 Dungeon Crawl Stone Soup version 0.26.1-11-gd32895ea62 (webtiles) character file.

Game seed: 14438562119699476444

3577 y3s the Severer (level 10, -37/77 HPs)
             Began as a Hill Orc Monk on July 13, 2021.
             Was a Priest of Beogh (penitent).
             Killed by an exploding Morbeogh (42 damage)
             ... exploding inner flame
             ... on level 8 of the Dungeon.
             The game lasted 00:32:58 (8718 turns).

y3s the Severer (Hill Orc Monk)                     Turns: 8718, Time: 00:33:28

Health: -37/77     AC: 12    Str: 18    XL:     10   Next: 10%
Magic:  10/10      EV:  7    Int: 10    God:    Beogh [*]
Gold:   440        SH:  3    Dex: 13    Spells: 9/9 levels left

rFire    . . .     SeeInvis .   a - +1 hand axe
rCold    . . .     Faith    +   n - +0 buckler
rNeg     . . .     Spirit   .   c - +0 chain mail
rPois    .         Reflect  .   D - +0 helmet
rElec    .         Harm     .   G - +0 cloak (curse)
rCorr    .         Rampage  .   p - +0 pair of gloves
Will     .....                  H - +0 pair of boots
Stlth    ..........             d - amulet of faith
HPRegen  0.22/turn              k - ring of attention (curse)
MPRegen  0.12/turn              m - ring of wizardry (curse)

@: no status effects
A: no striking features
a: Renounce Religion


You were on level 8 of the Dungeon.
You worshipped Beogh.
Beogh was demanding penance.
You visited 1 branch of the dungeon, and saw 8 of its levels.

You collected 506 gold pieces.
You spent 66 gold pieces at shops.

Inventory:

Hand Weapons
 a - a +1 hand axe (weapon)
Armour
 b - a +0 robe
 c - a +0 chain mail (worn)
 n - a +0 buckler (worn)
 p - a +0 pair of gloves (worn)
 D - a +0 helmet (worn)
 G - a cursed +0 cloak (worn)
 H - a +0 pair of boots (worn)
Jewellery
 d - an amulet of faith (around neck)
 k - a cursed ring of attention (left hand)
 m - a cursed ring of wizardry (right hand)
 F - an uncursed ring of fire {unknown}
 J - a +4 ring of evasion {unknown}
 K - the ring of Heresy {Wiz rC+ Will+ Int+4}
   (You found it on level 8 of the Dungeon)

   [ring of wizardry]

   It improves your spell success rate.
   It affects your intelligence (+4).
   It protects you from cold.
   It affects your willpower, your defense against some magical effects.
 M - a +4 ring of protection {unknown}
Wands
 u - a wand of flame (15)
 x - a wand of paralysis (9)
 L - a wand of iceblast (4)
Scrolls
 e - 2 scrolls of immolation
 o - a scroll of identify
 w - 2 scrolls of enchant weapon
 y - 2 scrolls of teleportation
 A - 2 scrolls of enchant armour {unknown}
 B - a scroll of noise {unknown}
 C - 6 scrolls of remove curse
 E - 4 scrolls of amnesia {unknown}
Potions
 f - 3 potions of lignification
 g - 3 potions of flight
 h - 2 potions of cancellation
 i - 2 potions of degeneration
 j - a potion of magic
 l - 2 potions of brilliance
 q - 2 potions of haste
 r - a potion of resistance
 s - a potion of berserk rage
 v - 2 potions of attraction
 z - 4 potions of heal wounds
 I - a potion of invisibility


   Skills:
 - Level 3.6 Fighting
 + Level 17.3 Axes
 - Level 2.4 Dodging
 - Level 1.5 Stealth


You had 9 spell levels left.
You didn't know any spells.
Your spell library contained the following spells:

 Spells                   Type           Power        Failure   Level
 Freeze                   Ice            0%           98%         1
 Frozen Ramparts          Ice            0%           100%        3
 Ozocubu's Armour         Ice            0%           100%        3
 Hailstorm                Conj/Ice       0%           100%        4
 Summon Ice Beast         Ice/Summ       0%           100%        4


Dungeon Overview and Level Annotations

Branches:
Dungeon (8/15)             Temple (0/1) D:4            Lair (0/6) D:8

Altars:
Cheibriados
Ru
Uskayaw
Xom
Yredelemnul

Shops:
D:4 *   D:6 [


Message History

Morbeogh is engulfed in blazing flames.
Flame seeps out of Morbeogh.
Things that are here:
a +0 flail; a +0 leather armour; an orc corpse
There is an open door here.
Morbeogh hits you with a +0 battleaxe!
* * * LOW HITPOINT WARNING * * *
The four-headed hydra is engulfed in a cloud of scalding steam.
Morbeogh hits you with a +0 battleaxe.
* * * LOW HITPOINT WARNING * * *
Morbeogh hits your orc warrior with a +0 battleaxe.
Flame seeps out of your orc warrior.
You feel very guilty. "You will pay for your transgression, mortal!"
Your orc warrior is engulfed in blazing flames.
Flame seeps out of your orc warrior.
Your orc warrior hits Morbeogh with a +0 flail!
Morbeogh the orc knight explodes!
The fiery explosion engulfs your orc warrior!!
The fiery explosion engulfs you!!!
Ouch! That really hurt!
You die...

*,,,,..,****#....# *,,,,,......
*,,,,...#####....## ******..<...
*,,,,......§○.....## *......
*,,,,....≈§○§)o....####***#......
*,,,,....≈≈..§.........,.,#......
,,,,*........D.##########.#......
,,,,*....≈....○#§.......#.#....≈≈
,,,,*/..≈≈≈..)§)§.......#........
,,,,*..........#@.......#........
≈,,,*#.........#........#........
,,,,,.......)..#......[.#.#......
,,,,*#....≈.)..#........#.#......
,,,,**.........#........')....##.
,,,,**,........#........#.....##.
,,,,**,........##########..≈..##.
*******#.#####..,,,,,,........##.
*,*******,,**,.........##.


You could see a four-headed hydra.

Vanquished Creatures
  Menkaure (D:5)
  Duvessa (D:7)
  An orc warrior (D:8)
  A necrophage (D:7)
  2 big kobolds
  Blork the orc (D:5)
  A scorpion (D:7)
  A killer bee (D:8)
  A howler monkey (D:4)
  A centaur zombie (D:8)
  A hound (D:2)
  4 orc wizards
  A centaur skeleton (D:4)
  2 worker ants
  2 hound skeletons
  2 worker ant zombies (D:7)
  11 adders
  7 gnolls
  A howler monkey skeleton (D:5)
  2 shadow imps
  2 white imps
  An ooze (D:3)
  An adder skeleton (D:4)
  2 worms
  A dart slug (D:1)
  3 leopard geckos
  9 orcs
  4 giant cockroaches
  4 goblins
  9 hobgoblins
  8 jackals
  3 quokkas
  4 bats
  A frilled lizard (D:5)
  6 kobolds
  4 rats
106 creatures vanquished.

Vanquished Creatures (collateral kills)
  A boulder beetle (D:8)
  A two-headed ogre (D:8)
  An orc knight (D:8)
  A komodo dragon (D:8)
  Prince Ribbit (D:5)
  A wyvern (D:8)
  3 orc warriors
  A sky beast (D:8)
  2 phantoms (D:8)
  3 necrophages (D:7)
  4 ogres
  A centaur (D:8)
  2 bullfrogs
  A gnoll sergeant (D:7)
  Dowan (D:7)
  A water moccasin skeleton (D:8)
  A scorpion (D:6)
  3 killer bees (D:8)
  A wight (D:7)
  A bullfrog zombie (D:8)
  A centaur zombie (D:7)
  Crazy Yiuf (D:7)
  2 hounds
  A jelly (D:5)
  An orc wizard (D:8)
  A quasit (D:8)
  An orc priest (D:5)
  A bullfrog skeleton (D:6)
  A centaur skeleton (D:8)
  3 worker ants
  A hound skeleton (D:5)
  2 worker ant zombies (D:7)
  4 gnolls (D:7)
  3 adders
  An adder zombie (D:8)
  3 orcs
  2 jackals (D:4)
  A quokka (D:8)
61 creatures vanquished.

Vanquished Creatures (others)
  An orc warrior (D:8)
  An orc knight (D:8)
  3 orc priests
  An adder (D:3)
  13 orcs
  2 plants (D:4)
  2 withered plants (D:7)
23 creatures vanquished.

Grand Total: 190 creatures vanquished

Notes
Turn   | Place    | Note
-------+----------+-------------------------------------------
     0 | D:1      | y3s the Hill Orc Monk began the quest for the Orb.
     0 | D:1      | Reached XP level 1. HP: 19/19 MP: 1/1
   261 | D:1      | Reached XP level 2. HP: 26/26 MP: 2/2
   422 | D:1      | Reached skill level 5 in Axes
  1053 | D:2      | Reached XP level 3. HP: 23/31 MP: 3/3
  1212 | D:2      | Reached skill level 6 in Axes
  1212 | D:2      | Reached XP level 4. HP: 26/39 MP: 4/4
  1626 | D:2      | You fall into a shaft and drop 2 floors!
  1931 | D:2      | Reached skill level 7 in Axes
  2320 | D:3      | Became a worshipper of Beogh the Brigand
  2320 | D:3      | Reached * piety under Beogh
  2320 | D:3      | Reached ** piety under Beogh
  2337 | D:3      | Reached XP level 5. HP: 38/45 MP: 5/5
  2691 | D:3      | Reached skill level 8 in Axes
  3188 | D:3      | Reached XP level 6. HP: 36/51 MP: 6/6
  3474 | D:3      | Reached *** piety under Beogh
  3760 | D:4      | Reached skill level 9 in Axes
  3856 | D:4      | Found a basalt altar of Yredelemnul.
  3942 | D:4      | Found a hide-covered altar of Uskayaw.
  3942 | D:4      | Identified the ring of Heresy {Wiz rC+ Will+ Int+4}
  4091 | D:4      | Reached skill level 10 in Axes
  4091 | D:4      | Reached XP level 7. HP: 53/57 MP: 7/7
  4195 | D:4      | Found Sixur's Assorted Antiques.
  4203 | D:4      | Bought a scroll labelled KECEGE IBITOO for 35 gold pieces
  4203 | D:4      | Bought a sedimented cyan potion for 31 gold pieces
  4417 | D:4      | Found a staircase to the Ecumenical Temple.
  4621 | D:5      | Entered Level 5 of the Dungeon
  4800 | D:5      | Noticed Menkaure
  4809 | D:5      | Killed Menkaure
  5005 | D:5      | Noticed Blork the orc
  5016 | D:5      | Killed Blork the orc
  5232 | D:5      | Reached skill level 11 in Axes
  5235 | D:5      | Noticed Prince Ribbit
  5251 | D:5      | Killed Prince Ribbit
  5692 | D:5      | Reached XP level 8. HP: 64/64 MP: 8/8
  6002 | D:6      | Reached skill level 12 in Axes
  6012 | D:6      | Reached **** piety under Beogh
  6245 | D:6      | Found a shimmering altar of Xom.
  6427 | D:6      | Found Soih's Armour Boutique.
  6471 | D:6      | Found a snail-covered altar of Cheibriados.
  6551 | D:7      | Found a sacrificial altar of Ru.
  6676 | D:7      | Gained Murdo as an ally
  6701 | D:7      | Reached skill level 13 in Axes
  6871 | D:7      | Noticed Duvessa
  6878 | D:7      | Noticed Dowan
  6881 | D:7      | Killed Duvessa
  6897 | D:7      | Killed Dowan
  7537 | D:7      | Reached skill level 14 in Axes
  7539 | D:7      | Reached XP level 9. HP: 60/70 MP: 9/9
  7656 | D:7      | Found the +7 sceptre of Torment {pain, torment}
  7667 | D:7      | Found a runed translucent door.
  7668 | D:7      | Noticed Crazy Yiuf
  7677 | D:7      | Killed Crazy Yiuf
  7968 | D:8      | Reached ***** piety under Beogh
  7974 | D:8      | Reached skill level 15 in Axes
  7988 | D:8      | Noticed a komodo dragon
  8003 | D:8      | Killed a komodo dragon
  8005 | D:8      | Noticed a two-headed ogre
  8013 | D:8      | Noticed a boulder beetle
  8017 | D:8      | Killed a two-headed ogre
  8018 | D:8      | Reached skill level 16 in Axes
  8021 | D:8      | Your ally Murdo died
  8027 | D:8      | Killed a boulder beetle
  8239 | D:8      | Reached XP level 10. HP: 64/77 MP: 10/10
  8241 | D:8      | Reached skill level 17 in Axes
  8636 | D:8      | Gained Morbeogh as an ally
  8709 | D:8      | Was placed under penance by Beogh
  8711 | D:8      | Noticed a four-headed hydra
  8718 | D:8      | Killed Morbeogh the orc knight
  8718 | D:8      | Killed by an exploding Morbeogh... exploding inner flame

Illustrated notes

Levels and vault maps discovered:
D:1:      lightli_iron_boxes, layout_basic
D:2:      layout_basic
D:3:      layout_rooms
D:4:      layout_basic, eat_drink_and_be_merry_uskayaw, temple_statues,
          serial_shops, nicolae_shop_overgrown_old_shop, chequers_mini_garden,
          lemuel_altar_in_water
D:5:      layout_cave_pools, uniq_menkaure, uniq_prince_ribbit1,
          uniq_blork_the_orc
D:6:      lemuel_ice_spiral_2, layout_basic, serial_shops, shop,
          minmay_misc_feat_encased, hangedman_feature_mirror
D:7:      layout_loops_ring, basic_altar, serial_undead, serial_undead_d,
          serial_undead_a, serial_undead_e, serial_undead_a,
          hangedman_decor_slide_cut, uniq_crazy_yiuf_cottage, uniq_duvessa
D:8:      cheibrodos_ideogram_h, layout_basic, basic_altar, st_stairs_4,
          minivault_25, chequers_decorated_corner

Skill      XL: |  1  2  3  4  5  6  7  8  9 10 |
---------------+-------------------------------+-----
Axes           | 5 6 7 8 10 11 14 16 17 | 17.3
Fighting       | |  3.6
Dodging        | |  2.4
Stealth        | |  1.5

Action                   |  1- 3 |  4- 6 |  7- 9 | 10-12 || total
-------------------------+-------+-------+-------+-------++-------
Melee: Hand axe          |    65 |   296 |   256 |    27 ||   644
Invok: Convert to Beogh  |       |     1 |       |       ||     1
       Smiting           |       |       |     1 |       ||     1
       Recall Orcish Fol |       |       |     1 |       ||     1
  Use: Scroll            |     3 |     7 |       |     8 ||    18
       Potion            |       |       |     2 |       ||     2
 Stab: Distracted        |       |       |     4 |       ||     4
Armor: Chain mail        |    25 |   157 |   108 |     7 ||   297
       Robe              |     2 |       |       |       ||     2
Dodge: Dodged            |    23 |    79 |    49 |     8 ||   159
Block: Buckler           |     6 |    35 |    24 |     1 ||    66
